 Dungeon Crawl Stone Soup version 0.25.1-2-g60ff931df9 (webtiles) character file.

Game seed: 9462977736834383191

144 hawla the Sneak (level 5, 0/76 HPs)
             Began as an Octopode Assassin on Oct 2, 2020.
             Succumbed to an adder's poison
             ... on level 2 of the Dungeon.
             The game lasted 00:05:40 (2324 turns).

hawla the Sneak (Octopode Assassin)                 Turns: 2324, Time: 00:05:41

Health: 0/76       AC: 22    Str: 11    XL:     5   Next: 27%
Magic:  1/5        EV:  2    Int: 13    God:
Gold:   53         SH:  0    Dex: 14    Spells: 4/4 levels left

rFire    . . .     SeeInvis +   n - +0 hand axe
rCold    . . .     Gourm    .   (no shield)
rNeg     + + +     Faith    .   (helmet currently unavailable)
rPois    +         Spirit   +   l - amulet of guardian spirit
rElec    .         Reflect  .   h - ring of wizardry
rCorr    .         Harm     .   p - ring of see invisible
MR       .....     NoTele   +   (no ring)
Stlth    ..........             (no ring)
HPRegen  0.22/turn              (no ring)
MPRegen  0.09/turn              (no ring)
                                (no ring)
                                (no ring)

@: berserking (expiring), lethally poisoned (0 -> -3), tree-form, stab, very
quick
A: almost no armour, stealthy swim, (amphibious), 8 rings, (constrict 8)
a: no special abilities


You were on level 2 of the Dungeon.
You were not hungry.
You were a tree.
You visited 1 branch of the dungeon, and saw 2 of its levels.

You collected 53 gold pieces.

Inventory:

Hand Weapons
 a - a +2 dagger
 n - a +0 hand axe (weapon)
Missiles
 b - 16 poisoned darts (quivered)
 c - 2 curare-tipped darts
Jewellery
 h - a ring of wizardry (left branch)
 l - an amulet of guardian spirit (around neck)
 p - a ring of see invisible (right branch)
Potions
 i - 2 potions of lignification
 j - a potion of stabbing
 m - 2 potions of curing {unknown}
 o - a potion of flight {unknown}
Comestibles
 d - 2 rations
 f - 3 chunks of flesh


   Skills:
 + Level 2.1 Fighting
 + Level 2.8 Short Blades
 + Level 1.2 Axes
 + Level 2.6 Throwing
 + Level 1.4 Dodging
 * Level 7.2 Stealth


You had 4 spell levels left.
You didn't know any spells.
Your spell library was empty.

Dungeon Overview and Level Annotations

Branches:
Dungeon (2/15)

Altars:


Innate Abilities, Weirdness & Mutations

You cannot wear most types of armour.
You are very stealthy in the water. (Stealth+)
((You are amphibious.))
You can wear up to eight rings at the same time.
((You can use your tentacles to constrict eight enemies at once.))
((Your skin changes colour to match your surroundings (Stealth+).))
((Your rubbery body absorbs attacks. (AC +1, EV +1)))


Message History

You feel agile.
* * * LOW HITPOINT WARNING * * *
You feel sick.
The kobold throws a stone.
The stone hits you but does no damage.
You barely miss the jackal.
The jackal bites you but does no damage.
You slash the jackal!
You kill the jackal!
* * * LOW HITPOINT WARNING * * *
You feel sick.
You barely miss the kobold. You hit the kobold.
You kill the kobold!
* * * LOW HITPOINT WARNING * * *
You feel sick.
There is a lethal amount of poison in your body!
Okay, then.
You are too berserk!
You feel a strong urge to attack something.
You die...

.# .... .#####.... ..........
.......... .......... ##.#
.......... ##...## ##........
###......# #........
#####........# #........
###.♣)..........
#....#######...##..........
##....# ###).....#.....⌠....
......###........##.........
..................#.(.......
......##..........##........
.......#.....⌠.....#......##
##...#.##..........##...###...##
.....#..#...........#.###......#


There were no monsters in sight!

Vanquished Creatures
  A hound (D:2)
  Robin (D:2)
  2 adders (D:2)
  An ooze (D:1)
  An adder zombie (D:2)
  A leopard gecko (D:2)
  11 bats
  A giant cockroach (D:1)
  10 goblins
  11 hobgoblins
  9 jackals
  6 kobolds
  2 quokkas (D:2)
  A ball python (D:2)
  6 frilled lizards
  10 rats
74 creatures vanquished.

Notes
Turn   | Place    | Note
-------+----------+-------------------------------------------
     0 | D:1      | hawla the Octopode Assassin began the quest for the Orb.
     0 | D:1      | Reached XP level 1. HP: 14/14 MP: 1/1
    34 | D:1      | Reached XP level 2. HP: 8/19 MP: 2/2
   333 | D:1      | Reached skill level 6 in Stealth
   558 | D:1      | Reached XP level 3. HP: 24/24 MP: 3/3
  1449 | D:2      | Reached XP level 4. HP: 14/29 MP: 1/4
  1867 | D:2      | Noticed Robin
  1880 | D:2      | Killed Robin
  2109 | D:2      | Reached skill level 7 in Stealth
  2307 | D:2      | Reached skill level 1 in Axes
  2317 | D:2      | HP: 2/64 [hound (2)]
  2318 | D:2      | Reached XP level 5. HP: 3/34 MP: 0/5
  2322 | D:2      | HP: 1/76 [poisoned by an adder]
  2324 | D:2      | Succumbed to an adder's poison

Illustrated notes

Levels and vault maps discovered:
D:1:      psy_arrival_terrarium, layout_basic, minmay_tetromino_o2
D:2:      minmay_skewed_foursquare, layout_basic, chequers_arboretum,
          uniq_robin, uniq_natasha

Skill      XL: |  1  2  3  4 |
---------------+-------------+-----
Stealth        | 6 7 |  7.2
Axes           | 1 |  1.2
Fighting       | |  2.1
Short Blades   | |  2.8
Throwing       | |  2.6
Dodging        | |  1.4

Action                   |  1- 3 |  4- 6 || total
-------------------------+-------+-------++-------
Melee: Dagger            |    69 |    37 ||   106
       Constrict         |    15 |    15 ||    30
       Tentacles         |    12 |    10 ||    22
       Hand axe          |     8 |    16 ||    24
Throw: Dart              |     4 |    21 ||    25
  Use: Potion            |       |     5 ||     5
 Stab: Sleeping          |    19 |     6 ||    25
  Eat: Chunk             |     1 |       ||     1
       Ration            |       |     1 ||     1
Armor: Skin              |     4 |     9 ||    13
Dodge: Dodged            |    43 |    33 ||    76
